 Dungeon Crawl Stone Soup version 0.27.0-1-g7a089689b8 (webtiles) character file.

Game seed: 18058586230043426313

42 Smaepdii the Chopper (level 3, -5/31 HPs)
             Began as a Hill Orc Monk on Aug 3, 2021.
             Slain by Crazy Yiuf (7 damage)
             ... on level 2 of the Dungeon.
             The game lasted 00:05:11 (2052 turns).

Smaepdii the Chopper (Hill Orc Monk)                Turns: 2052, Time: 00:05:12

Health: -5/31      AC:  3    Str: 14    XL:     3   Next: 56%
Magic:  3/3        EV: 12    Int: 10    God:
Gold:   46         SH:  0    Dex: 13    Spells: 2/2 levels left

rFire    . . .     SeeInvis .   a - +0 war axe
rCold    . . .     Faith    .   (no shield)
rNeg     . . .     Spirit   .   f - +0 leather armour
rPois    .         Reflect  .   (no helmet)
rElec    .         Harm     .   (no cloak)
rCorr    .         Rampage  .   (no gloves)
Will     .....                  (no boots)
Stlth    ++........             (no amulet)
HPRegen  0.10/turn              e - ring of flight
MPRegen  0.08/turn              (no ring)

@: flying
A: no striking features
a: no special abilities


You were on level 2 of the Dungeon.
You visited 1 branch of the dungeon, and saw 2 of its levels.

You collected 46 gold pieces.

Inventory:

Hand Weapons
 a - a +0 war axe (weapon)
Armour
 b - a +0 robe
 f - a +0 leather armour (worn)
Jewellery
 e - a ring of flight (left hand)
Scrolls
 c - 2 scrolls of identify {unknown}
 d - a scroll of enchant armour {unknown}
 g - a scroll of magic mapping {unknown}
 i - a scroll of summoning {unknown}
Potions
 h - 2 potions of might {unknown}


   Skills:
 - Level 3.6 Fighting
 * Level 6.0 Axes
 - Level 2.4 Dodging
 - Level 1.5 Stealth


You had 2 spell levels left.
You didn't know any spells.
Your spell library contained the following spells:

 Spells                   Type           Power      Damage    Failure   Level
 Blink                    Tloc           N/A        N/A       58%         2
 Manifold Assault         Tloc           0%         N/A       100%        5
 Storm Form               Tmut/Air       0%         N/A       100%        7


Dungeon Overview and Level Annotations

Branches:
Dungeon (2/15)

Altars:

Annotations:
D:2 Crazy Yiuf


Message History

The adder closely misses you.
You slash the adder!
You kill the adder!
You start resting.
HP restored.
A ball python comes into view.
The ball python hisses angrily.
You closely miss the ball python. The ball python misses you.
The ball python grabs you. The ball python constricts you.
You barely miss the ball python. The ball python closely misses you.
The ball python constricts you. The ball python barely misses you.
The ball python constricts you.
You slash the ball python!
You kill the ball python!
Your Axes skill increases to level 6!
You see here a ball python corpse.
You pick up an Inescapable Atlas and begin reading...
You add the spells Blink, Manifold Assault and Storm Form to your library.
Found a runed mace.
Found a runed translucent door.
Crazy Yiuf shouts!
Found a stone staircase leading up.
You reach down and open the door.
Crazy Yiuf drinks a potion.
Crazy Yiuf suddenly seems more resistant.
Crazy Yiuf closely misses you.
There is an open translucent door here.
You closely miss Crazy Yiuf. Crazy Yiuf misses you.
You hit Crazy Yiuf.
Crazy Yiuf is moderately wounded.
Crazy Yiuf zaps a wand.
The puff of flame hits you!
You hit Crazy Yiuf but do no damage.
Crazy Yiuf is moderately wounded.
Crazy Yiuf hits you with a +2 quarterstaff of chaos!
You are confused.
Crazy Yiuf hits you with a +2 quarterstaff of chaos!
* * * LOW HITPOINT WARNING * * *
You slash Crazy Yiuf!
Crazy Yiuf is heavily wounded.
You feel less confused.
Crazy Yiuf hits you with a +2 quarterstaff of chaos!
You die...

#......##.....#
##.######..####
#.................
##..###############
...†# ###.#
###♣♣♣♣♣
#.###.#P.♣.♣♣♣ ####
#.##......♣..♣#...#
#.#....P.♣♣♣♣.@g..#
#.....#.♣♣ ♣♣#..)#
#.#####♣♣ #### #.#
#.# ###.########
............
###.######## ....#


You could see Crazy Yiuf (resistant).

Vanquished Creatures
  An adder (D:2)
  A dart slug (D:2)
  2 bats (D:1)
  An endoplasm (D:1)
  3 giant cockroaches (D:1)
  A goblin (D:1)
  2 hobgoblins (D:1)
  2 jackals (D:1)
  2 kobolds
  2 quokkas
  6 ball pythons
  3 frilled lizards (D:1)
  3 rats (D:1)
29 creatures vanquished.

Notes
Turn   | Place    | Note
-------+----------+-------------------------------------------
     0 | D:1      | Smaepdii the Hill Orc Monk began the quest for the Orb.
     0 | D:1      | Reached XP level 1. HP: 19/19 MP: 1/1
   231 | D:1      | Reached XP level 2. HP: 10/26 MP: 2/2
   550 | D:1      | Reached skill level 5 in Axes
  1306 | D:1      | Reached XP level 3. HP: 29/31 MP: 3/3
  1496 | D:1      | Found a faded altar of an unknown god.
  1980 | D:2      | Reached skill level 6 in Axes
  2003 | D:2      | Found a runed translucent door.
  2004 | D:2      | Noticed Crazy Yiuf
  2052 | D:2      | Slain by Crazy Yiuf

Illustrated notes

Levels and vault maps discovered:
D:1:      kilobyte_arrival_exit_the_forest, layout_loops_corners,
          shapermc_ecumenical_altar_acropolis, minmay_misc_feat_tower,
          minmay_split_cup_small
D:2:      minmay_general_purpose_star, layout_loops_ring,
          uniq_crazy_yiuf_cottage

Skill      XL: |  1  2  3 |
---------------+----------+-----
Axes           | 5 6 |  6.0
Fighting       | |  3.6
Dodging        | |  2.4
Stealth        | |  1.5

Action                   || total
-------------------------++-------
Melee: Hand axe          ||    46
       War axe           ||    43
 Stab: Sleeping          ||     1
Armor: Robe              ||    13
       Leather armour    ||     3
Dodge: Dodged            ||    58
